Map: 普列昂台地

Players

Rose (Python) - Winner!

  • Race: Zerg Zerg
  • League: Grandmaster

Fist

  • Race: Zerg Zerg

Event: 2016 WCS Winter Challenger Taiwan

VOD

Have the link to the VOD?

Description

Time

  • Played on: Jan. 9, 2016, 5:36 a.m.
  • Length: 15:54

All games in this series

Show
View Real Time Build Order
Export as new Build Order

Rose Zerg - Winner!

Build Orders: Hatch First, Zergling Baneling 

Get SALT Encoding   

  12  0:00  Drone  
  13  0:08  Drone  
  14  0:17  Overlord  
  14  0:22  Extractor  
  14  0:23  Drone  
  15  0:35  Drone x2  
  17  0:51  Hatchery  
  17  0:54  Drone  
  17  1:09  Spawning Pool  
  17  1:10  Extractor  
  15  1:12  Drone  
  15  1:16  Drone  
  17  1:20  Drone  
  18  1:27  Drone  
  19  1:37  Overlord  
  19  1:55  Queen  
  19  1:56  Zergling x2  
  19  2:00  Drone  
  23  2:03  Queen  
  23  2:04  Drone  
  26  2:11  Metabolic Boost, Drone  
  28  2:15  Drone  
  28  2:26  Drone  
  28  2:27  Drone  
  30  2:34  Drone  
  31  2:37  Baneling Nest  
  31  2:38  Drone  
  30  2:55  Zergling x6  
  33  2:59  Hatchery  
  33  3:01  Overlord  
  33  3:04  Zergling x4  
  34  3:10  Zergling x2  
  35  3:22  Zergling x10  
  40  3:33  Zergling x4  
  42  3:37  Overlord  
  42  3:39  Zergling x2  
  43  3:45  Baneling x8  
  43  3:58  Zergling x14  
  43  4:02  Baneling x2  
  49  4:11  Zergling x2  
  49  4:12  Zergling x8  
  49  4:15  Baneling  
  40  4:26  Baneling  
  38  4:41  Zergling x14  
  36  4:53  Baneling x2  
  33  5:07  Zergling x14  
  33  5:08  Zergling x4  
  41  5:15  Baneling  
  41  5:16  Baneling  
  41  5:20  Zergling x6  
  43  5:28  Queen  
  43  5:33  Baneling  
  37  5:43  Zergling x8  
  37  5:47  Zergling x2  
  40  5:51  Drone  
  40  5:54  Baneling x2  
  39  6:05  Zergling x8  
  42  6:18  Zergling x6  
  43  6:24  Zergling x4  
  43  6:28  Zergling x2  
  43  6:29  Zergling x2  
  43  6:30  Zergling x2  
  42  6:35  Zergling x2  
  42  6:39  Zergling x2  
  41  6:46  Zergling x2  
  42  6:53  Zergling x8  
  45  6:56  Baneling x2  
  45  6:57  Baneling x2  
  43  7:03  Zergling x2  
  36  7:23  Zergling x14  
  36  7:27  Baneling x2  
  36  7:34  Baneling x2  
  36  7:38  Zergling x6  
  36  7:42  Baneling x4  
  37  7:59  Zergling x6  
  40  8:06  Zergling x10  
  40  8:09  Zergling x2  
  40  8:10  Zergling x2  
  45  8:18  Baneling  
  45  8:21  Baneling  
  37  8:28  Zergling x6  
  37  8:29  Zergling x2  
  32  8:39  Zergling x6  
  34  8:48  Baneling x2  
  30  8:53  Zergling x2  
  23  9:05  Baneling  
  23  9:08  Zergling x6  
  23  9:09  Zergling x2  
  26  9:20  Zergling x4  
  28  9:24  Drone  
  29  9:35  Drone x3  
  28  9:50  Zergling x4  
  28  9:51  Zergling x4  
  31  9:58  Zergling x4  
  33  10:06  Zergling x4  
  34  10:17  Zergling x6  
  34  10:19  Baneling x2  
  37  10:27  Drone x3  
  40  10:30  Drone  
  41  10:42  Zergling x6  
  42  10:47  Baneling  
  42  10:48  Baneling  
  41  10:57  Baneling x2  
  41  11:00  Zergling x8  
  35  11:22  Zergling x6  
  35  11:23  Zergling x4  
  35  11:25  Queen  
  41  11:36  Baneling x4  
  38  11:50  Zergling x10  
  38  11:51  Zergling x2  
  43  12:05  Zergling x6  
  45  12:09  Baneling  
  45  12:10  Baneling x3  
  45  12:11  Baneling  
  45  12:13  Zergling x4  
  47  12:22  Zergling x2  
  41  12:33  Spine Crawler  
  41  12:34  Roach Warren  
  41  12:35  Zergling x6  
  42  12:42  Drone x3  
  44  13:04  Baneling x6  
  44  13:05  Zergling x10  
  47  13:15  Zergling x2  
  47  13:16  Zergling x6  
  37  13:28  Zergling x6  
  38  13:47  Drone x3  
  41  13:53  Zergling x2  
  41  13:54  Zergling x6  
  44  14:14  Roach x2  
  48  14:20  Zergling x6  
  48  14:21  Overlord  
  45  14:31  Zergling x4  
  45  14:48  Roach x3  
  45  14:49  Roach  
  52  14:55  Zergling x2  
  52  14:56  Zergling x4  
  55  15:00  Extractor  
  53  15:08  Baneling x2  
  53  15:11  Zergling x4  
  54  15:16  Queen  
  56  15:31  Hatchery  
  56  15:33  Baneling x3  
  54  15:39  Drone x3  
  54  15:40  Drone x2  
Show
View Real Time Build Order
Export as new Build Order

Fist Zerg 

Build Orders: Hatch First, Zergling Baneling 

Get SALT Encoding   

  12  0:01  Drone  
  13  0:12  Overlord  
  13  0:17  Drone  
  14  0:30  Drone x2  
  14  0:34  Drone  
  17  0:51  Hatchery  
  17  0:55  Drone  
  17  1:04  Extractor  
  17  1:10  Spawning Pool  
  15  1:14  Drone  
  15  1:17  Drone  
  17  1:22  Drone  
  18  1:35  Drone  
  19  1:42  Overlord  
  19  1:57  Zergling x2  
  19  1:58  Queen  
  22  2:03  Queen  
  22  2:04  Metabolic Boost  
  22  2:06  Zergling x2  
  25  2:10  Drone  
  25  2:13  Drone  
  27  2:21  Drone x2  
  29  2:26  Drone  
  30  2:32  Drone  
  31  2:40  Baneling Nest  
  30  2:50  Overlord, Drone  
  31  2:52  Zergling x2  
  31  2:55  Zergling x2  
  32  2:59  Zergling x2  
  32  3:05  Zergling x2  
  34  3:12  Overlord  
  34  3:14  Zergling x12  
  40  3:26  Zergling x2  
  42  3:27  Zergling x2  
  42  3:36  Overlord  
  42  3:39  Zergling x2  
  43  3:45  Zergling x2  
  43  3:46  Zergling x4  
  46  3:49  Baneling x4  
  46  3:50  Baneling  
  46  3:58  Zergling x10  
  40  4:22  Zergling x14  
  40  4:33  Baneling  
  40  4:35  Zergling x2  
  40  4:36  Zergling x6  
  44  4:41  Drone x2  
  39  4:48  Baneling x4  
  34  5:09  Drone  
  34  5:10  Drone x4  
  38  5:19  Drone x2  
  39  5:26  Baneling  
  39  5:27  Drone  
  39  5:28  Drone  
  41  5:35  Queen  
  39  5:46  Zergling x6  
  39  5:47  Zergling x6  
  45  5:55  Baneling x2  
  34  6:20  Zergling x16  
  34  6:23  Zergling x2  
  34  6:24  Queen  
  35  6:36  Zergling x4  
  34  6:46  Baneling x2  
  34  6:53  Zergling x6  
  35  7:03  Baneling x2  
  35  7:13  Zergling x2  
  35  7:14  Zergling x8  
  35  7:33  Drone x4  
  39  7:39  Drone  
  39  7:43  Baneling  
  39  7:44  Baneling x6  
  36  7:59  Drone  
  36  8:00  Drone x4  
  41  8:09  Drone  
  41  8:10  Drone x3  
  41  8:12  Baneling  
  29  8:38  Baneling  
  29  8:40  Zergling x10  
  23  9:05  Drone x6  
  29  9:18  Queen  
  29  9:21  Baneling  
  31  9:36  Zergling x12  
  31  9:38  Baneling  
  32  9:48  Baneling  
  31  9:54  Drone x2, Queen  
  35  10:12  Drone  
  36  10:18  Drone x2  
  36  10:19  Drone, Baneling x2  
  36  10:30  Zergling x2  
  36  10:31  Zergling x6  
  40  10:36  Baneling  
  40  10:37  Baneling  
  38  10:45  Zergling x2  
  38  10:46  Zergling x2  
  40  10:54  Hatchery  
  40  10:57  Zergling x8  
  35  11:08  Zergling x8  
  35  11:24  Zergling x10  
  37  11:37  Drone  
  37  11:38  Drone  
  38  11:51  Baneling x5  
  28  12:20  Zergling x4  
  28  12:21  Zergling x8  
  27  12:35  Zergling x10  
  32  12:40  Baneling  
  32  12:41  Baneling  
  32  12:48  Drone x3  
  33  13:03  Zergling x8  
  35  13:09  Zergling x2  
  21  13:20  Zergling x2  
  21  13:23  Baneling  
  19  13:36  Baneling  
  17  14:02  Baneling  
  17  14:13  Drone  
  17  14:24  Baneling  
  14  14:58  Drone  
Tags
 
Add a new tag
Caveats
  • Supply blocks, unpowered buildings, or Contaminate may cause inaccurate times.
  • Supply counts are checked every 10 seconds.